 Dungeon Crawl Stone Soup version 0.29.1-debian-4-g95531337e3 (webtiles) character file.

Game seed: 15534630410800908969

8 BritishOli the Trooper (level 2, 0/24 HPs)
             Began as a Demonspawn Fighter on Sept 13, 2022.
             Slain by a kobold
             ... wielding a +0 whip
              (5 damage)
             ... on level 1 of the Dungeon.
             The game lasted 00:00:11 (164 turns).

BritishOli the Trooper (Demonspawn Fighter)          Turns: 164, Time: 00:00:12

Health: 0/24       AC:  6    Str: 16    XL:     2   Next: 0%
Magic:  2/2        EV:  8    Int:  9    God:
Gold:   14         SH:  4    Dex: 12    Spells: 1/1 levels left

rFire   . . .      SeeInvis .   a - +0 long sword
rCold   . . .      Faith    .   c - +0 buckler
rNeg    . . .      Spirit   .   b - +0 scale mail
rPois   .          Reflect  .   (no helmet)
rElec   .          Harm     .   (no cloak)
rCorr   .          Rampage  .   (no gloves)
Will    .....                   (no boots)
Stlth   ..........              (no amulet)
HPRegen 0.08/turn               (no ring)
MPRegen 0.08/turn               (no ring)

@: no status effects
A: hooves 1
a: no special abilities


You were on level 1 of the Dungeon.
You visited 1 branch of the dungeon, and saw 1 of its levels.

You collected 14 gold pieces.

Inventory:

Hand Weapons
 a - a +0 long sword (weapon)
Armour
 b - a +0 scale mail (worn)
 c - a +0 buckler (worn)
Scrolls
 e - a scroll of enchant weapon {unknown}
 f - a scroll of immolation {unknown}
Potions
 d - a potion of might


   Skills:
 + Level 3.1 Fighting
 + Level 2.0 Long Blades
 + Level 2.8 Armour
 + Level 2.8 Shields


You had one spell level left.
You didn't know any spells.
Your spell library was empty.

Dungeon Overview and Level Annotations

Branches:
Dungeon (1/15)

Altars:

Annotations:
D:1 1 runed translucent door


Innate Abilities, Weirdness & Mutations

You have large cloven feet.


Message History

The hobgoblin hits you but does no damage.
The goblin hits you with a +0 dagger.
The hobgoblin hits you but does no damage.
The rat bites you but does no damage. The goblin hits you with a +0 dagger.
The kobold attacks as you move away! The kobold closely misses you.
The goblin attacks as you move away! The goblin hits you but does no damage.
The hobgoblin attacks as you move away! You block the hobgoblin's attack.
The goblin attacks as you move away! The goblin hits you but does no damage.
The hobgoblin attacks as you move away! The hobgoblin barely misses you.
The rat attacks as you move away! The rat barely misses you.
The hobgoblin hits you but does no damage.
The goblin closely misses you. The goblin attacks as you move away!
The goblin barely misses you.
You closely miss the rat. The rat bites you but does no damage.
You hit the rat but do no damage. You block the rat's attack.
The rat barely misses you.
You slash the rat!
You kill the rat!
Your Long Blades skill increases to level 2!
You have reached level 2!
Your demonic ancestry asserts itself...
Your feet thicken and deform.
You hit the hobgoblin but do no damage.
You kick the hobgoblin, but do no damage.
The hobgoblin hits you. The kobold hits you with a +0 whip.
You completely miss the hobgoblin. The hobgoblin hits you.
* * * LOW HITPOINT WARNING * * *
The kobold closely misses you. The kobold hits you but does no damage.
You block the hobgoblin's attack.
You hit the hobgoblin. Your kick misses the hobgoblin.
The hobgoblin is heavily wounded.
The kobold hits you with a +0 whip.
* * * LOW HITPOINT WARNING * * *
The hobgoblin hits you but does no damage.
You hit the hobgoblin.
You kick the hobgoblin, but do no damage.
The hobgoblin is almost dead.
The hobgoblin hits you but does no damage.
The kobold hits you with a +0 whip.
You die...

#######
####..#..⌠...>...
#####.#......<...
####..†..+⌠....###..
#........#........ .
#.##.....#######+##
#!.......#BhBhJBBJr.
##l......#JBJhhBBJ..
###K##....#..J..w....
#...@gK...#####
###..###g........
.^...###...######
.......†....#
............#
...........##
...........#
...........
###.###.###.


You could see a hobgoblin, a goblin, 2 kobolds and a frilled lizard.

Vanquished Creatures
  A dart slug (D:1)
  An endoplasm (D:1)
  A giant cockroach (D:1)
  2 ball pythons (D:1)
  A frilled lizard (D:1)
  A rat (D:1)
7 creatures vanquished.

Notes
Turn   | Place    | Note
-------+----------+-------------------------------------------
     0 | D:1      | BritishOli the Demonspawn Fighter began the quest for the
                  | Orb.
     0 | D:1      | Reached XP level 1. HP: 18/18 MP: 1/1
     2 | D:1      | Found a runed translucent door.
   161 | D:1      | Gained mutation: You have large cloven feet. [demonic
                  | ancestry]
   161 | D:1      | Reached XP level 2. HP: 14/24 MP: 2/2
   164 | D:1      | Slain by a kobold

Illustrated notes

Levels and vault maps discovered:
D:1:      dpeg_arrival_caged_fury, layout_rooms, serial_shops,
          nicolae_shop_trees, chequers_serial_rivers_small_a,
          nicolae_concentric_dashed_squares_mild

Skill      XL: |  1 |
---------------+----+-----
Long Blades    | 2 |  2.0
Fighting       | |  3.1
Armour         | |  2.8
Shields        | |  2.8

Action                   || total
-------------------------++-------
Melee: Long sword        ||    24
       Kick              ||     2
Armor: Scale mail        ||    30
Dodge: Dodged            ||    15
Block: Buckler           ||     6
